 Dungeon Crawl Stone Soup version 0.26-a0-658-gbdda728c12 (webtiles) character file.

Game seed: 8926427909639485355

694 lexicalpedant the Ducker (level 7, -3/57 HPs)
             Began as a Black Draconian Transmuter on Oct 5, 2020.
             Shot with an arrow by a centaur (11 damage)
             ... on level 5 of the Dungeon.
             The game lasted 00:40:22 (4559 turns).

lexicalpedant the Ducker (DrTm)                     Turns: 4559, Time: 00:40:23

Health: -3/57      AC:  6    Str: 17 (19) XL:     7   Next: 37%
Magic:  10/10      EV: 11    Int: 13 (14) God:
Gold:   381        SH:  9    Dex: 11 (12) Spells: 10/11 levels left

rFire    . . .     SeeInvis .   a - +2 dagger (drain)
rCold    . . .     Faith    .   c - +1 kite shield
rNeg     . . .     Spirit   .   (armour unavailable)
rPois    .         Reflect  .   (helmet restricted)
rElec    +         Harm     .   (no cloak)
rCorr    .         Rampage  .   (no gloves)
MR       .....                  (no boots)
Stlth    +.........             (no amulet)
HPRegen  0.19/turn              n - +6 ring of strength
MPRegen  0.12/turn              (no ring)

@: short of breath, vulnerable
A: breathe lightning, unfitting armour, electricity resistance, cold-blooded, AC
+6
a: Breathe Lightning


You were on level 5 of the Dungeon.
You visited 1 branch of the dungeon, and saw 5 of its levels.

You collected 381 gold pieces.

Inventory:

Hand Weapons
 a - a +2 dagger of draining (weapon)
 h - a +0 falchion
 j - a +1 short sword of electrocution
 m - a +1 trident of protection
Missiles
 d - 59 arrows
 i - 3 boomerangs (quivered)
Armour
 c - a +1 kite shield (worn)
Jewellery
 n - a +6 ring of strength (left hand)
Wands
 e - a wand of iceblast (10)
 r - a wand of random effects (31)
Scrolls
 f - a scroll of amnesia
 p - 2 scrolls of blinking
 q - a scroll of identify
Potions
 b - 3 potions of flight
 g - a potion of curing
 k - a potion of haste
 l - a potion of ambrosia
 o - a potion of stabbing


   Skills:
 + Level 3.1 Fighting
 + Level 3.5 Short Blades
 + Level 4.3 Dodging
 + Level 0.6 Stealth
 + Level 3.1 Shields
 + Level 3.5 Unarmed Combat
 + Level 2.5 Spellcasting
 + Level 2.5 Transmutations


You had 10 spell levels left.
You knew the following spells:

 Your Spells              Type           Power        Failure   Level
a - Beastly Appendage     Tmut           #.....       36%         1

Your spell library contained the following spells:

 Spells                   Type           Power        Failure   Level
 Wereblood                Tmut           #.......     52%         2
 Passwall                 Tmut/Erth      #.......     69%         2
 Sandblast                Erth           #.....       75%         1
 Spider Form              Tmut/Pois      #.........   89%         3
 Stone Arrow              Conj/Erth      #.....       98%         3
 Ice Form                 Ice/Tmut       #.......     100%        4
 Petrify                  Tmut/Erth      #.......     100%        4
 Blade Hands              Tmut           #.........   100%        5
 Lee's Rapid Deconstruct  Erth           #.........   100%        5


Dungeon Overview and Level Annotations

Branches:
Dungeon (5/15)
 Temple: D:4-7

Altars:
Ashenzari


Innate Abilities, Weirdness & Mutations

You can breathe wild blasts of lightning.
Your glossy black scales are hard. (AC +6)
You cannot fit into any form of body armour.
You are resistant to electric shocks. (rElec)
You are cold-blooded and may be slowed by cold attacks.


Message History

Magic quickly surges around you.
It was a scroll of vulnerability.
A centaur comes into view. It is wielding a +0 hand axe.
The centaur unwields a +0 hand axe.
The centaur wields a +0 shortbow.
The centaur shoots an arrow.
You block the arrow.
You see here an arrow.
The centaur shoots an arrow.
The arrow hits you.
You breathe a wild blast of lightning!
The orb of electricity explodes!
The orb of electricity engulfs you. You resist.
The orb of electricity explodes!
The orb of electricity engulfs you! You resist.
The orb of electricity explodes!
The orb of electricity engulfs the centaur.
The centaur is lightly wounded.
You hear a shout! x3
The centaur shoots an arrow.
You block the arrow.
The centaur shoots an arrow.
The arrow hits you!
* * * LOW HITPOINT WARNING * * *
The centaur shoots an arrow.
You block the arrow.
You see here an arrow.
The centaur shoots an arrow.
The arrow hits you!
You die...

##.## #...# #
#...###### .#.
#........###....
#####...####........
##.............#..#
..................#
##c.....((.....#.##
#####.@(####......>.
#..........##.##.#
#[#....##### ..
#.#....# #.# .
...#.# # ..###.# #..
.# ##. ##


You could see a centaur.

Vanquished Creatures
  Eustachio (D:4)
  A sky beast (D:4)
  A phantom (D:4)
  A water moccasin skeleton (D:4)
  2 hounds
  An orc priest (D:4)
  An orc wizard (D:4)
  A worker ant (D:4)
  A hound skeleton (D:5)
  7 adders
  2 white imps (D:5)
  An ufetubus (D:5)
  An ooze (D:1)
  2 worms (D:2)
  2 leopard geckos
  7 orcs
  4 giant cockroaches
  6 goblins
  9 hobgoblins
  6 jackals
  A ball python skeleton (D:4)
  6 bats
  4 frilled lizards
  8 kobolds
  6 rats
82 creatures vanquished.

Notes
Turn   | Place    | Note
-------+----------+-------------------------------------------
     0 | D:1      | lexicalpedant the Draconian Transmuter began the quest for
                  | the Orb.
     0 | D:1      | Reached XP level 1. HP: 16/16 MP: 3/3
    22 | D:1      | Reached skill level 2 in Dodging
   224 | D:1      | Reached XP level 2. HP: 23/23 MP: 5/5
   946 | D:2      | Reached XP level 3. HP: 22/28 MP: 6/6
  1426 | D:2      | Reached skill level 1 in Short Blades
  1474 | D:2      | Found a broken altar of Ashenzari.
  1715 | D:2      | Reached XP level 4. HP: 34/35 MP: 7/7
  2839 | D:4      | Reached skill level 1 in Shields
  2857 | D:4      | Reached XP level 5. HP: 32/41 MP: 6/8
  3076 | D:4      | Noticed Eustachio
  3371 | D:4      | Reached skill level 3 in Dodging
  3546 | D:4      | Killed Eustachio
  3546 | D:4      | Reached XP level 6. HP: 36/50 MP: 9/9
  3676 | D:4      | Noticed a sky beast
  3697 | D:4      | Killed a sky beast
  3860 | D:4      | Reached skill level 4 in Dodging
  3860 | D:4      | Your scales start taking on a glossy black colour.
  3860 | D:4      | Reached XP level 7. HP: 49/56 MP: 10/10
  3860 | D:4      | Gained mutation: You are resistant to electric shocks.
                  | (rElec) [Black Draconian growth]
  4340 | D:5      | Entered Level 5 of the Dungeon
  4559 | D:5      | Shot with an arrow by a centaur

Illustrated notes

Levels and vault maps discovered:
D:1:      sevenhm_arrival_forest_fort_small_4, layout_basic
D:2:      layout_rooms, evilmike_ruin_ashenzari
D:3:      layout_rooms, chequers_serial_rivers_micro_a
D:4:      layout_loops_ring, uniq_eustachio
D:5:      layout_loops_cross, roderic_batcave

Skill      XL: |  1  2  3  4  5  6  7 |
---------------+----------------------+-----
Dodging        | 2 3 4 |  4.3
Short Blades   | 1 2 3 |  3.5
Shields        | 1 2 3 |  3.1
Fighting       | 2 3 |  3.1
Stealth        | |  0.6
Unarmed Combat | |  3.5
Spellcasting   | |  2.5
Transmutations | |  2.5

Action                   |  1- 3 |  4- 6 |  7- 9 || total
-------------------------+-------+-------+-------++-------
Melee: Unarmed           |    30 |       |       ||    30
       Tailslap          |    13 |    17 |     5 ||    35
       Dagger            |   103 |   166 |    89 ||   358
       Punch             |     2 |       |       ||     2
       Kick              |       |     2 |       ||     2
Throw: Boomerang         |       |       |     1 ||     1
 Cast: Beastly Appendage |     5 |     2 |       ||     7
 Abil: Breathe Lightning |       |       |     2 ||     2
  Use: Scroll            |     5 |     8 |     3 ||    16
       Potion            |     7 |     4 |       ||    11
 Stab: Sleeping          |     1 |       |       ||     1
Armor: Skin              |    46 |    87 |    22 ||   155
Dodge: Dodged            |   102 |   100 |    27 ||   229
Block: Kite shield       |     7 |    92 |    40 ||   139

Table legend: (Time is in decaauts)
 A = Elapsed time spent in this place.
 B = Non-inter-level travel time spent in this place.
 C = Inter-level travel time spent in this place.
 D = Time resting spent in this place.
 E = Time spent auto-exploring this place.
 F = Levels seen in this place.
 G = Mean time per level.
                   A        B        C        D        E       F      G
               +--------+--------+--------+--------+--------+-----+--------+
         Total |   4532 |   4480 |     52 |    893 |    973 |   5 |  906.4 |
       Dungeon |   4532 |   4480 |     52 |    893 |    973 |   5 |  906.4 |
               +--------+--------+--------+--------+--------+-----+--------+

Top non-repeatable levels by time:
     D:3: 1247 daAuts
     D:4: 1155 daAuts
     D:2: 991 daAuts
     D:1: 924 daAuts
     D:5: 213 daAuts
